 Dungeon Crawl Stone Soup version 0.22.1-6-g1668fe2c40 (webtiles) character file.

0 Gargoyl the Skirmisher (level 1, -7/19 HPs)
             Began as a Centaur Abyssal Knight on Jan 29, 2019.
             Was a Follower of Lugonu.
             Mangled by a large abomination (26 damage)
             ... summoned by a glowing orange brain
             ... on level 2 of the Abyss.
             The game lasted 00:00:49 (187 turns).

Gargoyl the Skirmisher (Centaur Abyssal Knight)      Turns: 187, Time: 00:00:50

Health: -7/19      AC:  5    Str: 14    XL:     1   Next: 0%
Magic:  2/2        EV:  8    Int: 11    God:    Lugonu [*.....]
Gold:   18         SH:  0    Dex:  8    Spells: 0/0 levels left

rFire    . . .     SeeInvis .   a - +1 hand axe
rCold    . . .     Gourm    .   (no shield)
rNeg     . . .     Faith    .   e - +0 ring mail
rPois    .         Spirit   .   (no helmet)
rElec    .         Reflect  .   (no cloak)
rCorr    .         Harm     .   (no gloves)
MR       .....                  (no barding)
Stlth    ..........             (no amulet)
HPRegen  0.06/turn              (no ring)
MPRegen  0.08/turn              (no ring)

@: very quick
A: large, hooves 3, blurry vision 1, deformed body, speed 2, tough skin 3
a: Depart the Abyss, Renounce Religion


You were on level 2 of the Abyss.
You worshipped Lugonu.
Lugonu was aware of your devotion.
You were not hungry.

You visited 0 branches of the dungeon, and saw 0 of its levels.
You visited the Abyss 1 time.

You collected 18 gold pieces.

Inventory:

Hand Weapons
 a - a +1 hand axe (weapon)
Armour
 b - a +0 leather armour
 e - a +0 ring mail (worn)
Comestibles
 c - 2 rations


   Skills:
 + Level 3.0 Fighting
 + Level 1.7 Axes
 + Level 1.3 Armour
 + Level 0.6 Dodging
 + Level 2.0 Invocations


You couldn't memorise any spells.
You didn't know any spells.
Your spell library was empty.

Dungeon Overview and Level Annotations

Branches:
Dungeon (0/15)

Altars:


Innate Abilities, Weirdness & Mutations

You have hooves in place of feet.
Armour fits poorly on your strangely shaped body.
You cover ground very quickly.
You have extremely tough skin. (AC +3)
Scrolls take you a little longer to read.


Message History

A tentacle flies out from the starspawn's body!
A starspawn tentacle comes into view.
Found 22 gold pieces.
You see here a ration.
The ynoxinul gestures.
The ynoxinul gestures.
A chaos spawn comes into view.
The chaos spawn screeches!
Found a twisted bronze wand and 18 gold pieces.
A glowing orange brain comes into view.
You see here 18 gold pieces.
You now have 18 gold pieces.
The glowing orange brain pulsates.
Unknown command.
Unknown command.
The raiju barks! x2
The raiju barks!
The large abomination hits you!!
Ouch! That really hurt!
You die...

..#.....#..# ##
..#..#./..#...
#.#.#.....#
###..#..#.###
##.###4#..#..#
#####...4.#..#.#
#.....hh##.##.. # ##
###G.#Xh.#.
###5.###.#
##.h@#..### #.#.#
##.
#.###..#....#.#.....
# #..#...3......#
##....##.#. ...
.#..###..## ##
#...#. .#.#
..##.##..### .
#..... # ..#.##


You could see a glowing orange brain, a large abomination, 4 raiju and a chaos
spawn.

Vanquished Creatures (others)
  4 starspawn tentacles (Abyss:2)
4 creatures vanquished.

Notes
Turn   | Place    | Note
-------+----------+-------------------------------------------
     0 | Abyss:1  | Gargoyl the Centaur Abyssal Knight began the quest for the
                  | Orb.
     0 | Abyss:1  | Reached XP level 1. HP: 19/19 MP: 2/2
    40 | Abyss:1  | Noticed a worldbinder
    61 | Abyss:1  | Noticed a dream sheep
    62 | Abyss:1  | Noticed a spiny frog
    63 | Abyss:1  | Noticed a blink frog
    63 | Abyss:1  | Noticed a blink frog
    68 | Abyss:1  | Noticed a small abomination
    73 | Abyss:1  | Noticed a blink frog
    73 | Abyss:1  | Noticed a blink frog
   136 | Abyss:2  | Noticed a neqoxec
   136 | Abyss:2  | Noticed an insubstantial wisp
   137 | Abyss:2  | Noticed a starcursed mass
   139 | Abyss:2  | Noticed a hog
   142 | Abyss:2  | Gained mutation: Scrolls take you a little longer to read.
                  | [a neqoxec]
   143 | Abyss:2  | Noticed a tentacled starspawn
   146 | Abyss:2  | Noticed a ynoxinul
   177 | Abyss:2  | Noticed a chaos spawn
   181 | Abyss:2  | Noticed a glowing orange brain
   186 | Abyss:2  | Noticed a raiju
   186 | Abyss:2  | Noticed a raiju
   186 | Abyss:2  | Noticed a raiju
   186 | Abyss:2  | Noticed a raiju
   186 | Abyss:2  | Noticed a large abomination
   187 | Abyss:2  | Mangled by a large abomination

Action                   || total
-------------------------++-------
  Use: Scroll            ||     1
